 Dungeon Crawl Stone Soup version 0.29.1-15-g9cfb28693d (webtiles) character file.

Game seed: 16016323700841880213

21 Amplified the Firebug (level 2, 0/21 HPs)
             Began as a Demonspawn Fire Elementalist on Apr 28, 2023.
             Succumbed to an adder's poison
             ... on level 2 of the Dungeon.
             The game lasted 00:02:19 (1130 turns).

Amplified the Firebug (DsFE)                        Turns: 1130, Time: 00:02:20

Health: 0/21       AC:  2    Str:  8    XL:     2   Next: 65%
Magic:  5/5        EV: 12    Int: 16    God:
Gold:   18         SH:  0    Dex: 13    Spells: 2/5 levels left

rFire   . . .      SeeInvis .   b - +1 short sword
rCold   . . .      Faith    .   (no shield)
rNeg    . . .      Spirit   .   a - +0 robe
rPois   .          Reflect  .   (no helmet)
rElec   .          Harm     .   (no cloak)
rCorr   .          Rampage  .   (no gloves)
Will    .....                   (no boots)
Stlth   ++........              (no amulet)
HPRegen 0.07/turn               c - +4 ring of slaying
MPRegen 0.09/turn               (no ring)

@: lethally poisoned (0 -> -6), very slightly contaminated
A: weakness stinger 1
a: no special abilities


You were on level 2 of the Dungeon.
You visited 1 branch of the dungeon, and saw 2 of its levels.

You collected 18 gold pieces.

Inventory:

Hand Weapons
 b - a +1 short sword (weapon)
Armour
 a - a +0 robe (worn)
 d - a +0 leather armour
 e - a +0 pair of boots
Jewellery
 c - a +4 ring of slaying (left hand)
Scrolls
 g - a scroll of teleportation
 h - a scroll of butterflies {unknown}


   Skills:
 * Level 1.1 Fighting
 * Level 0.3 Short Blades
 - Level 1.7 Dodging
 - Level 1.7 Stealth
 * Level 2.3 Spellcasting
 + Level 1.1 Conjurations
 * Level 3.0 Fire Magic


You had 2 spell levels left.
You knew the following spells:

 Your Spells              Type           Power      Damage    Failure   Level
a - Foxfire               Conj/Fire      32%        2x1d5     9%          1
b - Scorch                Fire           22%        2d6       9%          2

Your spell library contained the following spells:

 Spells                   Type           Power      Damage    Failure   Level
 Conjure Flame            Conj/Fire      8%         6-21      26%         3
 Inner Flame              Hex/Fire       6%         N/A       32%         3
 Flame Wave               Conj/Fire      8%         2d5       63%         4


Dungeon Overview and Level Annotations

Branches:
Dungeon (1/15)

Altars:
Wu Jian


Innate Abilities, Weirdness & Mutations

You have a small tail.


Message History

Unknown command.
Your foxfire dissipates!
You feel sick.
The foxfire hits the kobold.
You kill the kobold!
Your Fire Magic skill increases to level 3!
Casting: Foxfire (safe; 9% risk of failure)
Confirm with . or Enter, or press ? or * to list all spells.
You miscast Foxfire.
Nothing appears to happen.
You feel sick. The adder misses you. x2
Unknown command.
Unknown command.
Casting: Foxfire (safe; 9% risk of failure)
Confirm with . or Enter, or press ? or * to list all spells.
You conjure some foxfire!
You feel sick. The adder closely misses you.
Unknown command.
Unknown command.
Your foxfire dissipates!
You feel sick.
The foxfire hits the adder.
The adder is lightly wounded.
Casting: Foxfire (safe; 9% risk of failure)
Confirm with . or Enter, or press ? or * to list all spells.
Okay, then.
You hit the adder.
The adder is moderately wounded.
You feel sick. The adder bites you. x2
You hit the adder.
The adder is heavily wounded.
You feel sick.
You are no longer poisoned.
The adder bites you.
* * * LOW HITPOINT WARNING * * *
You hit the adder.
Your tail-slap misses the adder.
The adder is severely wounded.
The adder bites you.
* * * LOW HITPOINT WARNING * * *
You are lethally poisoned!
The adder poisons you!
Unknown command.
Magic courses through your body.
You die...

##.._......##.#....##.#.#
# #.........##.#.#..##+#.#
.
#.........#....#.......#..
####......#######.#....#..
#......#######.........
#.............####.....
#.............# #.####
#.............# #.#..
#####.@S......# #.#.#
#.........# #.#.#
#....)....# #.#.#
#.........# #.#.##
#.........# #.....
########### ####.#.
#...... #####.# #.#


You could see an adder.

Vanquished Creatures
  2 worms (D:2)
  A ball python (D:1)
  3 bats
  2 endoplasms (D:1)
  A goblin (D:1)
  6 kobolds
  2 rats (D:2)
17 creatures vanquished.

Vanquished Creatures (others)
  20 foxfires
20 creatures vanquished.

Grand Total: 37 creatures vanquished

Notes
Turn   | Place    | Note
-------+----------+-------------------------------------------
     0 | D:1      | Amplified the Demonspawn Fire Elementalist began the quest
                  | for the Orb.
     0 | D:1      | Reached XP level 1. HP: 13/13 MP: 3/3
   523 | D:1      | Gained mutation: You have a small tail. [demonic ancestry]
   523 | D:1      | Reached XP level 2. HP: 18/20 MP: 5/5
   589 | D:1      | You fall into a shaft and drop 1 floor!
   672 | D:2      | Learned a level 2 spell: Scorch
   972 | D:2      | Found an ornate altar of the Wu Jian Council.
   981 | D:2      | Reached skill level 1 in Fighting
  1124 | D:2      | Reached skill level 3 in Fire Magic
  1130 | D:2      | Succumbed to an adder's poison

Illustrated notes

Levels and vault maps discovered:
D:1:      heliophobic_arrival_glass_houses, layout_loops_ring
D:2:      layout_basic, basic_altar, chequers_ecumenical_altar_simple_redux,
          minmay_close_crescents

Skill      XL: |  1  2 |
---------------+-------+-----
Fighting       | 1 |  1.1
Fire Magic     | 3 |  3.0
Short Blades   | |  0.3
Dodging        | |  1.7
Stealth        | |  1.7
Spellcasting   | |  2.3
Conjurations   | |  1.1

Action                   || total
-------------------------++-------
Melee: Short sword       ||    24
       Tailslap          ||     1
       Punch             ||     1
 Cast: Foxfire           ||    19
       Scorch            ||     2
  Use: Scroll            ||     3
       Potion            ||     2
Armor: Robe              ||    21
Dodge: Dodged            ||    57
